 Dungeon Crawl Stone Soup version 0.25.1-2-g60ff931df9 (webtiles) character file.

Game seed: 3655344013401284569

117 DearestLeader the Chopper (level 4, -4/33 HPs)
             Began as a Demonspawn Gladiator on Oct 23, 2020.
             Slain by Terence
             ... wielding a +3 falchion of holy wrath
              (6 damage)
             ... on level 2 of the Dungeon.
             The game lasted 00:04:03 (2508 turns).

DearestLeader the Chopper (Demonspawn Gladiator)    Turns: 2508, Time: 00:04:04

Health: -4/33      AC: 13    Str: 15    XL:     4   Next: 71%
Magic:  13/13      EV:  5    Int: 10    God:
Gold:   91         SH:  0    Dex: 14    Spells: 3/3 levels left

rFire    . . .     SeeInvis .   a - +0 war axe
rCold    . . .     Gourm    .   (no shield)
rNeg     . . .     Faith    .   m - +0 plate armour
rPois    .         Spirit   .   c - +0 helmet
rElec    .         Reflect  .   (no cloak)
rCorr    .         Harm     .   (no gloves)
MR       .....                  r - +0 pair of boots
Stlth    ..........             (no amulet)
HPRegen  0.11/turn              t - ring of magical power
MPRegen  0.13/turn              (no ring)

@: no status effects
A: nightstalker 1, rot immunity
a: no special abilities


You were on level 2 of the Dungeon.
You were not hungry.

You visited 1 branch of the dungeon, and saw 3 of its levels.

You collected 91 gold pieces.

Inventory:

Hand Weapons
 a - a +0 war axe (weapon)
Missiles
 d - 3 throwing nets
 l - 13 poisoned darts (quivered)
Armour
 b - a +0 leather armour
 c - a +0 helmet (worn)
 m - a +0 plate armour (worn)
 r - a +0 pair of boots (worn)
Jewellery
 t - a ring of magical power (left hand)
Scrolls
 e - a scroll of fog {unknown}
 g - 3 scrolls of identify {unknown}
 h - a scroll of immolation {unknown}
 i - a scroll of amnesia {unknown}
 n - a scroll of enchant armour {unknown}
 o - 2 scrolls of blinking {unknown}
 s - a scroll of teleportation {unknown}
Potions
 j - a potion of invisibility
 k - a potion of stabbing {unknown}
 p - 2 potions of curing {unknown}
 q - a potion of flight {unknown}
 v - 2 potions of brilliance {unknown}
Comestibles
 f - 3 rations
 u - 9 chunks of flesh


   Skills:
 - Level 2.0 Fighting
 * Level 4.2 Axes
 - Level 1.7 Throwing
 + Level 2.0 Armour
 - Level 3.0 Dodging


You had 3 spell levels left.
You didn't know any spells.
Your spell library was empty.

Dungeon Overview and Level Annotations

Branches:
Dungeon (3/15)

Altars:

Annotations:
D:2 Terence


Innate Abilities, Weirdness & Mutations

You are slightly more attuned to the shadows.
You are immune to rotting.


Message History

You hit something but do no damage. The orc hits you but does no damage.
Something hits you.
You convulse.
You slash the orc!
You kill the orc!
You closely miss something. Something hits you!
You convulse.
No target in view!
There is a stone staircase leading up here.
Something hits you but does no damage.
You climb upwards.
Reactivating autopickup.
There is a stone staircase leading down here.
Something hits you but does no damage.
Deactivating autopickup; reactivate with Ctrl-A.
Something hits you!
You convulse.
* * * LOW HITPOINT WARNING * * *
You barely miss something. Something hits you but does no damage.
Something hits you.
* * * LOW HITPOINT WARNING * * *
You convulse.
You die...

#.# #.# #.# ##### #.#
####### ##...## #.# #.....#
#.###.########.# ##.....##
#.#..........#..
#.......####.#.#.######.###
#.........@.#...## #.#
#...............# #.#
#........##.#...# #.#
#......(.##.##### #.#
#.####......###### #.#
#........#.......# #.#
#.####.#.#.......# #.#
#.##.....#>......######.###
#.##.#รท###...........##....


There were no monsters in sight!

Vanquished Creatures
  5 adders
  2 oozes (D:2)
  A worm (D:2)
  3 leopard geckos
  An orc (D:3)
  A ball python (D:3)
  6 bats
  3 giant cockroaches
  3 goblins
  8 hobgoblins
  2 jackals (D:2)
  A quokka (D:3)
  3 frilled lizards
  8 kobolds
  10 rats
57 creatures vanquished.

Notes
Turn   | Place    | Note
-------+----------+-------------------------------------------
     0 | D:1      | DearestLeader the Demonspawn Gladiator began the quest for
                  | the Orb.
     0 | D:1      | Reached XP level 1. HP: 16/16 MP: 1/1
   147 | D:1      | Reached skill level 3 in Axes
   206 | D:1      | Gained mutation: You are slightly more attuned to the
                  | shadows. [demonic ancestry]
   206 | D:1      | Reached XP level 2. HP: 17/22 MP: 2/2
  1027 | D:2      | Gained mutation: You are immune to rotting. [demonic
                  | ancestry]
  1027 | D:2      | Reached XP level 3. HP: 6/27 MP: 3/3
  1455 | D:2      | Reached skill level 1 in Armour
  2031 | D:2      | Reached XP level 4. HP: 33/33 MP: 4/4
  2126 | D:2      | Reached skill level 4 in Axes
  2487 | D:3      | Noticed Terence
  2508 | D:2      | Slain by Terence

Illustrated notes

Levels and vault maps discovered:
D:1:      lemuel_arrival_funnel, layout_rooms
D:2:      layout_loops_cross
D:3:      layout_basic, chequers_temple_overflow_minitemple,
          minmay_misc_feat_alley, nrook_mini_backslash, uniq_crazy_yiuf_cottage,
          uniq_terence

Skill      XL: |  1  2  3  4 |
---------------+-------------+-----
Axes           | 3 4 |  4.2
Dodging        | 3 |  3.0
Armour         | 1 2 |  2.0
Fighting       | |  2.0
Throwing       | |  1.7

Action                   |  1- 3 |  4- 6 || total
-------------------------+-------+-------++-------
Melee: War axe           |   152 |    54 ||   206
  Eat: Chunk             |     3 |     2 ||     5
Armor: Leather armour    |    19 |       ||    19
       Plate armour      |   123 |    37 ||   160
Dodge: Dodged            |    77 |    21 ||    98
